Map: Ulrena

Players

SogogiPrime

  • Race: Zerg Zerg
  • League: Diamond

MorN - Winner!

  • Race: Terran Terran
  • League: Master

VOD

Have the link to the VOD?

Description

Time

  • Played on: Nov. 18, 2015, 7:27 p.m.
  • Length: 6:47
Show
View Real Time Build Order
Export as new Build Order

SogogiPrime Zerg 

Build Orders: Pool First, Zergling Baneling 

Get SALT Encoding   

  12  0:12  Drone x2  
  14  0:15  Extractor  
  14  0:18  Drone  
  14  0:33  Overlord  
  14  0:43  Spawning Pool  
  14  0:45  Drone  
  14  0:54  Drone  
  15  1:00  Drone  
  16  1:06  Drone  
  17  1:29  Metabolic Boost  
  17  1:30  Queen  
  17  1:32  Zergling x4  
  21  1:54  Hatchery  
  20  2:02  Drone x2  
  22  2:11  Baneling Nest  
  20  2:27  Zergling x4  
  20  2:28  Zergling x2  
  22  2:41  Overlord  
  21  3:00  Overlord  
  21  3:06  Drone  
  21  3:07  Drone x2, Queen  
  21  3:10  Zergling x4  
  28  3:23  Evolution Chamber  
  27  3:29  Drone  
  27  3:32  Drone  
  29  3:45  Zergling x2  
  29  3:46  Zergling x6  
  29  3:48  Zergling x2  
  34  3:53  Zerg Ground Armor Level 1  
  34  4:01  Zergling x2  
  34  4:02  Zergling x4  
  37  4:06  Baneling x2  
  37  4:07  Baneling x2  
  37  4:11  Baneling  
  37  4:12  Zergling x2  
  38  4:17  Zergling x2  
  38  4:18  Zergling x4  
  38  4:20  Zergling x2  
  38  4:24  Baneling  
  42  4:26  Zergling x2  
  42  4:29  Overlord  
  43  4:42  Zergling x2  
  43  4:43  Overlord x2  
  44  4:49  Zergling x6  
  44  4:51  Zergling x2  
  47  4:53  Zergling x2  
  47  4:56  Baneling x2  
  47  4:59  Zergling x2  
  49  5:01  Zergling x2  
  44  5:23  Zergling x2  
  44  5:27  Baneling  
  44  5:28  Zergling x6  
  42  5:29  Zergling x14  
  42  5:33  Baneling x2  
  42  5:35  Baneling  
  46  5:47  Zergling x4  
  48  5:56  Zergling x8  
  48  5:57  Queen  
  49  5:58  Drone  
  49  6:02  Spore Crawler  
  51  6:09  Overlord  
  51  6:16  Drone x2  
Show
View Real Time Build Order
Export as new Build Order

MorN Terran - Winner!

Build Orders: Reaper Expand 

Get SALT Encoding   

  12  0:00  SCV  
  13  0:12  SCV  
  14  0:17  Supply Depot  
  14  0:25  SCV  
  15  0:39  SCV  
  15  0:41  Barracks  
  16  0:47  Refinery  
  16  0:53  SCV  
  17  1:06  SCV  
  18  1:21  SCV  
  19  1:30  Reaper  
  20  1:33  Orbital Command  
  20  1:43  Command Center  
  20  1:55  Supply Depot  
  20  2:00  SCV  
  21  2:02  Reaper  
  21  2:31  SCV  
  21  2:32  Factory  
  22  2:41  Command Center  
  22  2:45  Barracks Reactor  
  22  2:48  SCV  
  22  3:00  SCV  
  22  3:12  SCV  
  22  3:25  Hellion x2  
  24  3:30  Refinery  
  24  3:31  SCV  
  25  3:34  Barracks Reactor  
  25  3:43  SCV  
  25  3:44  Orbital Command  
  25  3:46  Hellion x2  
  30  3:54  Orbital Command  
  30  3:58  Orbital Command  
  30  4:00  Starport  
  30  4:02  Orbital Command  
  30  4:04  SCV  
  31  4:16  SCV  
  32  4:20  Hellion x2  
  36  4:25  Orbital Command  
  36  4:28  SCV  
  37  4:40  Barracks Tech Lab, Liberator  
  37  4:41  Liberator  
  37  4:44  Hellion x2  
  41  4:52  SCV  
  48  5:04  Marine  
  46  5:19  Armory, Hellion x2  
  47  5:37  Orbital Command  
  47  5:40  Hellion  
  47  5:41  Hellion  
  46  5:52  SCV  
  46  5:53  SCV  
  46  5:55  Marine  
  44  6:02  Hellion x2  
  48  6:05  SCV x3  
  51  6:16  Barracks  
  51  6:21  SCV  
  51  6:22  Barracks, Starport Reactor  
Tags
 
Add a new tag
Caveats
  • Supply blocks, unpowered buildings, or Contaminate may cause inaccurate times.
  • Supply counts are checked every 10 seconds.